 Dungeon Crawl Stone Soup version 0.19.5 (webtiles) character file.

1101 Azzok the Fighter (level 8, -22/78 HPs)
             Began as a Minotaur Fighter on July 13, 2017.
             Was a Believer of Okawaru.
             Killed from afar by a gargoyle (25 damage)
             ... with a stone arrow
             ... on level 4 of the Dungeon.
             The game lasted 00:10:52 (5323 turns).

Azzok the Fighter (Minotaur Fighter)                Turns: 5323, Time: 00:10:53

Health: -22/78     AC: 15    Str: 21    XL:     8   Next: 10%
Magic:  9/11       EV:  7    Int:  5    God:    Okawaru [**....]
Gold:   101        SH: 11    Dex: 12    Spells: 2 memorised, 3 levels left

rFire  . . .     SeeInvis .     u - +1 short sword of a wizard's laboratory {freeze, +Rage}
rCold  + . .     Gourm    .     d - +0 plate armour
rNeg   . . .     Faith    .     c - +0 shield
rPois  .         Spirit   .     (helmet restricted)
rElec  .         Reflect  .     (no cloak)
rCorr  .         Harm     .     (no gloves)
MR     .....                    n - +0 pair of boots
Stlth  ..........               (no amulet)
                                (no ring)
                                v - ring of protection from cold

@: heroism
A: retaliatory headbutt, horns 2
a: Heroism, Renounce Religion, Evoke Berserk Rage


You were on level 4 of the Dungeon.
You worshipped Okawaru.
Okawaru was pleased with you.
You were not hungry.

You visited 1 branch of the dungeon, and saw 6 of its levels.
You also visited: Sewer.

You collected 277 gold pieces.
You spent 176 gold pieces at shops.

Inventory:

Hand Weapons
 a - a +3 shortbow
 u - the +1 short sword of a wizard's laboratory (weapon) {freeze, +Rage}
   (You bought it in a shop on level 5 of the Dungeon)

   It has been specially enchanted to freeze those struck by it, causing extra
   injury to most foes and up to half again as much damage against particularly
   susceptible opponents.
   It can also slow down cold-blooded creatures.
   It lets you go berserk.
Missiles
 e - 53 arrows
Armour
 c - a +0 shield (worn)
 d - a +0 plate armour (worn)
 n - a +0 pair of boots (worn)
Jewellery
 v - a ring of protection from cold (left hand)
Wands
 b - a wand of lightning (6/15)
Scrolls
 l - a scroll of recharging
 m - 2 scrolls of fear
 o - 2 scrolls of remove curse
 s - 2 scrolls of teleportation
 y - 2 scrolls of blinking {unknown}
 B - a scroll of amnesia {unknown}
Potions
 g - 2 potions of cure mutation {unknown}
 k - a potion of lignification {unknown}
 q - a potion of brilliance {unknown}
 r - a potion of mutation {unknown}
 x - a potion of curing {unknown}
 z - a potion of berserk rage {unknown}
 A - 2 potions of ambrosia {unknown}
Comestibles
 f - 4 bread rations {@e1}
 h - 2 fruits
 i - 7 chunks of flesh {@w0}
 j - 3 meat rations {@e2}
 p - 2 beef jerkies
 t - a slice of pizza


   Skills:
 + Level 9.2(14.2) Fighting
   Level 2.4(7.4) Long Blades
 + Level 2.1(7.1) Bows
 - Level 3.6(8.6) Armour
 - Level 3.6(8.6) Shields
 + Level 5.8 Invocations


You had 3 spell levels left.
You knew the following spells:

 Your Spells              Type           Power        Failure   Level  Hunger
a - Blink                 Tloc           N/A          100%        2    ###....
b - Repel Missiles        Chrm/Air       #.....       100%        2    ###....


Dungeon Overview and Level Annotations

Branches:
Dungeon (6/15)             Temple (0/1) D:6

Altars:
Dithmenos
Fedhas
Hepliaklqana
Makhleb
Okawaru
Sif Muna
Xom
Yredelemnul

Shops:
D:5 (


Innate Abilities, Weirdness & Mutations

You reflexively headbutt those who attack you in melee.
You have a pair of horns on your head.


Message History

The gargoyle hits you with a flail!
* * * LOW HITPOINT WARNING * * *
You take 14 damage, and have 2/78 hp.
You hit the gargoyle but do no damage. You headbutt the gargoyle.
The gargoyle is moderately damaged.
You block the gargoyle's attack.
Okay, then.
You gain the combat prowess of a mighty hero.
You block the gargoyle's attack.
You now have 9/11 mp.
You hit the gargoyle. You freeze the gargoyle.
The gargoyle is heavily damaged.
You hit the gargoyle but do no damage.
The gargoyle is heavily damaged.
The gargoyle hits you but does no damage.
You hit the gargoyle but do no damage. Your headbutt misses the gargoyle.
The gargoyle is heavily damaged.
The gargoyle hurls a stone arrow at you.
The stone arrow hits you!
You die...

▒·▒ ▒·▒ ▒▒'▒▒ ▒ ·▒▒ ▒·▒ ▒·▒
▒▒▒▒ ▒▒ ▒▒▒▒▒▒·▒▒▒▒▒▒▒·▒
▒··· ▒ ▒··············▒▒
▒·▒▒ ▒ ▒·▒▒▒▒·▒▒▒▒▒▒·)·▒▒▒▒▒
▒·▒▒ ▒ ▒·▒ ▒·▒ ▒▒▒········▒
▒·▒▒ ▒ ▒▒·▒▒ ▒·▒
▒········▒§▒▒▒·▒ ▒
▒···▒▒▒·▒▒▒9▒▒··▒§▒§§§▒▒·▒ ▒
▒·▒·······@>▒▒··§▒§▒§▒§▒·▒ ▒
▒···▒▒▒·▒▒▒▒▒▒···§§§§§§··▒
▒▒▒▒▒ ▒·········▒▒·▒§▒§▒▒▒
▒▒▒▒▒▒▒▒▒·▒▒▒§§·▒▒ ▒·▒ ▒▒§▒▒
▒·▒ ▒·▒ ▒▒▒▒▒▒▒▒▒▒▒
▒▒▒·▒▒▒▒·▒▒ ▒·········▒
▒▒▒▒·········▒▒▒
▒·▒▒▒▒▒▒▒·▒▒▒··············▒


You could see a gargoyle.

Vanquished Creatures
  An orc warrior (D:6)
  A centaur (D:4)
  2 howler monkeys (D:5)
  2 hounds (D:4)
  A jelly (D:5)
  4 orc priests
  An iguana (D:4)
  6 orc wizards
  2 worker ants
  Robin (D:4)
  6 gnolls (D:4)
  A howler monkey skeleton (D:4)
  8 adders
  A river rat (D:3)
  A shadow imp (D:5)
  16 oozes
  An adder zombie (D:2)
  2 dart slugs (D:1)
  12 leopard geckos
  13 orcs
  6 bats
  2 bat skeletons (D:2)
  15 giant cockroaches
  12 goblins
  8 hobgoblins
  7 jackals
  4 kobolds (D:1)
  A quokka (D:4)
  11 ball pythons
  A ball python zombie (D:2)
  11 frilled lizards
  A giant cockroach zombie (D:2)
  A quokka zombie (D:2)
  6 rats
168 creatures vanquished.

Notes
Turn   | Place    | Note
-------+----------+-------------------------------------------
     0 | D:1      | Azzok the Minotaur Fighter began the quest for the Orb.
     0 | D:1      | Reached XP level 1. HP: 19/19 MP: 0/0
    79 | D:1      | Reached skill level 4 in Fighting
    84 | D:1      | Reached XP level 2. HP: 27/27 MP: 1/1
   687 | D:2      | Reached skill level 5 in Fighting
   687 | D:2      | Reached XP level 3. HP: 36/36 MP: 2/2
   881 | D:2      | Found an iron altar of Okawaru.
   886 | D:2      | Became a worshipper of Warmaster Okawaru
  1068 | D:2      | Found a burning altar of Makhleb.
  1072 | D:2      | Found a blossoming altar of Fedhas.
  1538 | D:3      | Reached skill level 1 in Invocations
  1538 | D:3      | Reached XP level 4. HP: 40/44 MP: 3/3
  1738 | D:3      | Found a glowing drain.
  1754 | Sewer    | Entered a sewer
  2008 | Sewer    | Reached skill level 6 in Fighting
  2066 | Sewer    | Reached XP level 5. HP: 47/50 MP: 5/5
  2270 | Sewer    | Reached * piety under Okawaru
  2345 | D:3      | You fall through a shaft for 3 floors!
  2345 | D:6      | Noticed an orc warrior
  2348 | D:6      | Reached skill level 7 in Fighting
  2348 | D:6      | Reached XP level 6. HP: 43/60 MP: 7/7
  2355 | D:6      | Killed an orc warrior
  2586 | D:6      | Found a staircase to the Ecumenical Temple.
  2603 | D:5      | Entered Level 5 of the Dungeon
  2627 | D:5      | Found Xisuq's Antique Weapon Emporium.
  2635 | D:5      | Bought a crude short sword for 176 gold pieces
  2635 | D:5      | Identified the +1 short sword of a wizard's laboratory {freeze, +Rage} (You bought it in a shop on level 5 of the Dungeon)
  2701 | D:5      | Reached XP level 7. HP: 52/67 MP: 9/9
  2789 | D:5      | Got a scorched ring mail
  2800 | D:5      | Identified the cursed +0 ring mail of the Fifty Seas {+Blink rC++ MR-} (You found it on level 5 of the Dungeon)
  2947 | D:5      | Reached skill level 8 in Fighting
  2967 | D:4      | Reached ** piety under Okawaru
  3033 | D:4      | Found a basalt altar of Yredelemnul.
  3033 | D:4      | Found a deep blue altar of Sif Muna.
  3110 | D:4      | Noticed Robin
  3149 | D:4      | Killed Robin
  3232 | D:4      | Found a shadowy altar of Dithmenos.
  3436 | D:4      | Reached skill level 5 in Invocations
  4375 | D:5      | Reached skill level 9 in Fighting
  4375 | D:5      | Reached skill level 1 in Bows
  4418 | D:5      | Found a shimmering altar of Xom.
  4419 | D:5      | Found a hazy altar of Hepliaklqana.
  4420 | D:5      | Noticed a spectral ugly thing
  4420 | D:5      | Noticed a yak
  4420 | D:5      | Noticed a yak
  4798 | D:5      | Learned a level 2 spell: Blink
  4801 | D:5      | Learned a level 2 spell: Repel Missiles
  4820 | D:5      | Reached XP level 8. HP: 41/78 MP: 11/11
  5185 | D:5      | Noticed a gargoyle
  5318 | D:4      | HP: 2/78 [gargoyle/flail (14)]
  5323 | D:4      | Killed from afar by a gargoyle

Skill      XL: |  1  2  3  4  5  6  7  8 |
---------------+-------------------------+-----
Fighting       | 4 5 6 7 9 |  9.2
Invocations    | 1 2 3 4 5 |  5.8
Bows           | 1 2 |  2.1
Long Blades    | |  2.4
Armour         | |  3.6
Shields        | |  3.6

Action                   |  1- 3 |  4- 6 |  7- 9 || total
-------------------------+-------+-------+-------++-------
Melee: Long sword        |    77 |   166 |       ||   243
       Headbutt          |     7 |    31 |    42 ||    80
       Short sword       |       |    30 |   218 ||   248
Invok: Heroism           |       |       |     1 ||     1
  Use: Potion            |       |     1 |       ||     1
       Scroll            |       |       |     6 ||     6
  Eat: Chunk             |     2 |     5 |     8 ||    15
Armor: Scale mail        |    36 |    83 |       ||   119
       Plate armour      |       |    25 |   145 ||   170
Dodge: Dodged            |    27 |    63 |    31 ||   121
Block: Shield            |    50 |   132 |   138 ||   320
       Rpst.: Long sword |     6 |    23 |       ||    29
